 Dungeon Crawl Stone Soup version 0.28-a0-697-g47f3eba078 (webtiles) character file.

Game seed: 11417864651325154681

190 ytrimaz the Skirmisher (level 6, 0/49 HPs)
             Began as a Formicid Fighter on Oct 24, 2021.
             Succumbed to a scorpion's poison
             ... on level 4 of the Dungeon.
             The game lasted 00:05:58 (3394 turns).

ytrimaz the Skirmisher (Formicid Fighter)           Turns: 3394, Time: 00:05:59

Health: 0/49       AC:  8    Str: 23    XL:     6   Next: 1%
Magic:  6/6        EV:  9    Int:  5    God:
Gold:   108        SH:  4    Dex: 10    Spells: 5/5 levels left

rFire   . . .      SeeInvis +   g - +0 battleaxe
rCold   . . .      Faith    .   c - +0 buckler
rNeg    . . .      Spirit   .   b - +0 scale mail
rPois   .          Reflect  .   (helmet unavailable)
rElec   .          Harm     .   (no cloak)
rCorr   .          Rampage  .   (no gloves)
Will    +....                   a - +0 pair of boots
Stlth   ..........              (no amulet)
HPRegen 0.16/turn               (no ring)
MPRegen 0.10/turn               (no ring)

@: lethally poisoned (0 -> -14), studying Fighting
A: permanent stasis, dig shafts and tunnels, antennae 3, four strong arms, dopey
1, strong-willed 1, noise suppression
a: Dig, Shaft Self


You were on level 4 of the Dungeon.
You visited 1 branch of the dungeon, and saw 4 of its levels.

You collected 108 gold pieces.

Inventory:

Hand Weapons
 g - a +0 battleaxe (weapon)
Armour
 a - a +0 pair of boots (worn)
 b - a +0 scale mail (worn)
 c - a +0 buckler (worn)
Jewellery
 h - a ring of poison resistance
Potions
 d - 2 potions of heal wounds {unknown}
 e - a potion of mutation
 f - a potion of attraction {unknown}
 i - 3 potions of brilliance {unknown}
 j - a potion of flight {unknown}
 k - a potion of curing


   Skills:
 * Level 4.5 Fighting
 + Level 3.7 Axes
 + Level 4.3 Armour
 * Level 2.2 Stealth
 - Level 3.9 Shields


You had 5 spell levels left.
You didn't know any spells.
Your spell library was empty.

Dungeon Overview and Level Annotations

Branches:
Dungeon (4/15)             Temple (0/1) D:4

Altars:

Shops:
D:1 (


Innate Abilities, Weirdness & Mutations

You cannot be hasted, slowed, berserked, paralysed or teleported.
You can dig through walls and to a lower floor.
You have a pair of large antennae on your head. (SInv)
Your four strong arms can wield two-handed weapons with a shield.
You are dopey. (Int -2)
You are strong-willed. (Will+)
You passively dampen the noise of your surroundings.


Message History

You have reached level 6!
Your experience leads to an increase in your attributes!
Your base attributes are Str 22, Int 7, Dex 10.
Increase (S)trength, (I)ntelligence, or (D)exterity?
You feel stronger.
You see here a dart slug corpse.
A scorpion and a gnoll come into view.
The gnoll shouts!
You hear a shout!
A gnoll comes into view. It is wielding a +0 spear.
A gnoll comes into view. It is wielding a +0 club.
The gnoll shouts!
You slash the scorpion!
The scorpion is heavily wounded.
You block the scorpion's attack. The scorpion stings you.
You closely miss the scorpion.
The scorpion is heavily wounded.
You hit the gnoll. The scorpion stings you. The gnoll closely misses you.
The gnoll hits you with a +0 flail.
The scorpion stings you but does no damage.
Unknown command.
You closely miss the scorpion.
The scorpion is heavily wounded.
You barely miss the gnoll. The gnoll hits you with a +0 flail.
The gnoll hits you but does no damage. The scorpion stings you!
The gnoll barely misses you. The gnoll hits you but does no damage.
You closely miss the scorpion.
The scorpion is heavily wounded.
You slash the gnoll! You barely miss the gnoll. The scorpion stings you.
You are poisoned.
The scorpion poisons you! The gnoll hits you with a +0 club!
The gnoll hits you from afar with a +0 spear.
You block the gnoll's attack.
The scorpion stings you but does no damage.
The gnoll hits you but does no damage.
You feel sick. The scorpion stings you!
* * * LOW HITPOINT WARNING * * *
You are lethally poisoned!
The scorpion poisons you! The gnoll hits you with a +0 flail!
* * * LOW HITPOINT WARNING * * *
You die...

#..#..## #......#
#....P.####
.###.P.>.....
.......g...####
...............
......gsg..# ###
##.....##..### #..
.... ..#@.# #.#
...##.#.†# ...
...#.#..# #.#
..#.#..#
#.##########.#.#..#
#............#.#..#
.................>#
.)##########.#.####
#.### ###........


You could see a scorpion and 3 gnolls.

Vanquished Creatures
  Terence (D:2)
  An iguana (D:2)
  Robin (D:3)
  4 adders (D:2)
  2 worms
  5 dart slugs
  An orc (D:3)
  5 bats
  8 endoplasms
  5 giant cockroaches
  14 goblins
  7 hobgoblins
  A quokka (D:2)
  5 ball pythons
  6 frilled lizards
  7 kobolds
  3 rats
76 creatures vanquished.

Notes
Turn   | Place    | Note
-------+----------+-------------------------------------------
     0 | D:1      | ytrimaz the Formicid Fighter began the quest for the Orb.
     0 | D:1      | Reached XP level 1. HP: 18/18 MP: 1/1
   323 | D:1      | Reached XP level 2. HP: 24/24 MP: 2/2
   404 | D:1      | Gained mutation: You passively dampen the noise of your
                  | surroundings. [potion of mutation]
   404 | D:1      | Gained mutation: You are strong-willed. (Will+) [potion of
                  | mutation]
   404 | D:1      | Gained mutation: You are dopey. (Int -2) [potion of
                  | mutation]
   558 | D:1      | Reached XP level 3. HP: 29/29 MP: 3/3
   718 | D:1      | Found Moofeux's Weapon Shoppe.
   902 | D:1      | Found a faded altar of an unknown god.
   916 | D:1      | Reached skill level 1 in Stealth
  1208 | D:2      | Reached XP level 4. HP: 23/37 MP: 4/4
  1340 | D:2      | Noticed Terence
  1351 | D:2      | Killed Terence
  1671 | D:2      | Identified a scroll of acquirement
  1671 | D:2      | Acquired a manual of Fighting
  1793 | D:2      | Reached XP level 5. HP: 42/42 MP: 5/5
  2552 | D:3      | Noticed Robin
  2787 | D:3      | Killed Robin
  3382 | D:4      | Found a staircase to the Ecumenical Temple.
  3385 | D:4      | Reached XP level 6. HP: 49/49 MP: 6/6
  3394 | D:4      | Succumbed to a scorpion's poison

Illustrated notes

Levels and vault maps discovered:
D:1:      minmay_arrival_arboretum_small, layout_basic, serial_shops,
          nicolae_square_shop, dreamdust_ecumenical_altar_sealed_demon,
          minmay_stone_trees_medium, due_unseen_surprise
D:2:      layout_basic, uniq_terence
D:3:      layout_rooms, uniq_robin
D:4:      kennysheep_the_goblin_king, layout_basic,
          minmay_temple_entry_overgrown, grunt_decor_junction,
          mrwooster_statue_mirror, kennysheep_generic_room_4, uniq_natasha

Skill      XL: |  1  2  3  4  5 |
---------------+----------------+-----
Stealth        | 1 2 |  2.2
Axes           | 3 |  3.7
Armour         | 4 |  4.3
Fighting       | 4 |  4.5
Shields        | |  3.9

Action                   |  1- 3 |  4- 6 || total
-------------------------+-------+-------++-------
Melee: War axe           |    88 |    87 ||   175
       Battleaxe         |       |    38 ||    38
 Abil: Dig               |     4 |     2 ||     6
  Use: Scroll            |     2 |     4 ||     6
       Potion            |     1 |     1 ||     2
Armor: Scale mail        |    37 |    72 ||   109
Dodge: Dodged            |    53 |    51 ||   104
Block: Buckler           |    15 |    34 ||    49

Table legend: (Time is in decaauts)
 A = Elapsed time spent in this place.
 B = Non-inter-level travel time spent in this place.
 C = Inter-level travel time spent in this place.
 D = Time resting spent in this place.
 E = Time spent auto-exploring this place.
 F = Levels seen in this place.
 G = Mean time per level.
                   A        B        C        D        E       F      G
               +--------+--------+--------+--------+--------+-----+--------+
         Total |   3479 |   3443 |     36 |    799 |   1847 |   4 |  869.8 |
       Dungeon |   3479 |   3443 |     36 |    799 |   1847 |   4 |  869.8 |
               +--------+--------+--------+--------+--------+-----+--------+

Top non-repeatable levels by time:
     D:2: 1593 daAuts
     D:1: 1234 daAuts
     D:3: 562 daAuts
     D:4: 89 daAuts
